 Dungeon Crawl Stone Soup version 0.30-a0-591-g3c58d2bc28 (webtiles) character file.

Game seed: 17151015959922260571

3359 drugrobin the Martial Artist (level 9, -10/73 HPs)
             Began as a Demigod Delver on Jan 4, 2023.
             Mangled by a wyvern (16 damage)
             ... on level 7 of the Dungeon.
             The game lasted 00:22:56 (6752 turns).

drugrobin the Martial Artist (Demigod Delver)       Turns: 6752, Time: 00:22:57

Health: -10/73     AC:  6    Str: 17    XL:     9   Next: 45%
Magic:  20/20      EV: 12    Int: 12    God:
Gold:   514        SH:  0    Dex: 23    Spells: 16/17 levels left

rFire   + + .      SeeInvis .      - Unarmed
rCold   + + .      Faith    .    (no shield)
rNeg    + . .      Spirit   .    K - +2 leather armour {rC+}
rPois   .          Reflect  .    (no helmet)
rElec   .          Harm     .    E - scarf {rC+ rF+}
rCorr   .          Rampage  .    F - +0 pair of gloves
Will    .....                    (no boots)
Stlth   +++                      u - amulet of regeneration
HPRegen 1.12/turn                g - ring of positive energy
MPRegen 0.17/turn                k - ring of protection from fire

@: no status effects
A: high MP 1, forlorn, divine attributes
a: no special abilities


You were on level 7 of the Dungeon.
You visited 1 branch of the dungeon, and saw 7 of its levels.

You collected 514 gold pieces.

Inventory:

Hand Weapons
 b - a +1 dagger of venom
 c - a +0 heavy triple crossbow
 d - the +1 dagger of the Heavens {heavy, rN+ Will++ MP+9}
   (You found it on level 6 of the Dungeon)

   rN:        It protects you from negative energy.
   MP:        It affects your magic capacity (+9).
   Will:      It greatly increases your willpower.
 M - the +10 mace of Bloody Death {elec, MP+9 Dex+3}
   (You found it on level 7 of the Dungeon)

   Dex:       It affects your dexterity (+3).
   MP:        It affects your magic capacity (+9).
Missiles
 j - 3 javelins
 A - 15 boomerangs (quivered)
 N - 2 throwing nets
Armour
 n - a +0 buckler
 r - a +0 chain mail
 E - a scarf of resistance (worn)
 F - a +0 pair of gloves (worn)
 K - a +2 leather armour of cold resistance (worn)
Jewellery
 g - a ring of positive energy (left hand)
 k - a ring of protection from fire (right hand)
 u - an amulet of regeneration (around neck)
 w - an amulet of reflection
Wands
 f - a wand of digging (3)
 H - a wand of mindburst (7)
 I - a wand of paralysis (15)
 L - a wand of acid (9)
Scrolls
 a - 7 scrolls of fear
 h - 3 scrolls of immolation {unknown}
 i - a scroll of blinking {unknown}
 q - 11 scrolls of identify {unknown}
 v - a scroll of summoning {unknown}
 x - a scroll of acquirement {unknown}
 y - 2 scrolls of fog
 B - a scroll of magic mapping
 C - a scroll of poison {unknown}
 D - a scroll of teleportation {unknown}
 G - a scroll of vulnerability {unknown}
 O - a scroll of brand weapon {unknown}
Potions
 e - 3 potions of haste
 l - 2 potions of degeneration {unknown}
 m - 3 potions of curing
 o - 3 potions of mutation {unknown}
 p - 3 potions of flight {unknown}
 s - a potion of invisibility {unknown}
 t - 2 potions of magic {unknown}
 z - 2 potions of brilliance {unknown}
 J - a potion of lignification {unknown}


   Skills:
 - Level 4.9 Fighting
 - Level 1.7 Dodging
 - Level 4.5 Stealth
 * Level 10.8 Unarmed Combat
 + Level 4.9 Spellcasting


You had 16 spell levels left.
You knew the following spells:

 Your Spells              Type           Power      Damage    Failure   Level
a - Shock                 Conj/Air       8%         1d3       26%         1

Your spell library contained the following spells:

 Spells                   Type           Power      Damage    Failure   Level
 Kiss of Death            Conj/Necr      8%         2d6       26%         1
 Slow                     Hex            8%         N/A       26%         1
 Confusing Touch          Hex            2%         N/A       58%         3
 Inner Flame              Hex/Fire       2%         N/A       58%         3
 Ozocubu's Armour         Ice            2%         N/A       58%         3
 Swiftness                Air            2%         N/A       58%         3
 Vampiric Draining        Necr           2%         2d6       58%         3
 Airstrike                Air            1%         2d(1-17)  94%         4
 Dispel Undead            Necr           2%         3d7       94%         4
 Flame Wave               Conj/Fire      2%         2d4       94%         4
 Sticky Flame             Conj/Fire      2%         2d3       94%         4
 Metabolic Englaciation   Hex/Ice        1%         N/A       100%        5
 Simulacrum               Ice/Necr       1%         N/A       100%        6


Dungeon Overview and Level Annotations

Branches:
Dungeon (7/15)             Temple (0/1) D:5


Innate Abilities, Weirdness & Mutations

You have an increased reservoir of magic. (+10% MP)
You shall have no god before yourself.
Your divine heritage dramatically boosts your attributes as you level up.


Message History

The bullfrog hits you. The bullfrog attacks as you move away!
The bullfrog hits you but does no damage.
The bullfrog swells and bulges.
The bullfrog hits you but does no damage.
Your +1 dagger of venom stops dripping with poison.
You are now empty-handed.
The bullfrog closely misses you. The bullfrog attacks as you move away!
The bullfrog completely misses you. The bullfrog hits you.
The bullfrog attacks as you move away! The bullfrog misses you.
Unknown command.
The bullfrog attacks as you move away! The bullfrog misses you.
The bullfrog barely misses you. The bullfrog attacks as you move away!
The bullfrog hits you. The bullfrog hits you.
The bullfrog attacks as you move away!
The bullfrog hits you but does no damage.
The bullfrog hits you. The bullfrog hits you.
The bullfrog attacks as you move away! The bullfrog barely misses you. x2
The bullfrog misses you. The bullfrog hits you.
The bullfrog attacks as you move away! The bullfrog hits you!
The bullfrog hits you. The bullfrog closely misses you.
The bullfrog misses you. The bullfrog attacks as you move away!
The bullfrog hits you! The bullfrog hits you. The bullfrog barely misses you.
The wyvern attacks as you move away! The wyvern bites you!
* * * LOW HITPOINT WARNING * * *
Unknown command.
Unknown command.
The wyvern attacks as you move away! The wyvern bites you!
* * * LOW HITPOINT WARNING * * *
The bullfrog hits you.
* * * LOW HITPOINT WARNING * * *
The wyvern bites you!
You die...

#########.#.............
#...........###.#######.
..#
###.#######.#####.######
#.# ....# #......)....^#
#.# ##### ######.#####.#
#.# #####.# #.########.#
#...#.# #.......##.#
#....<# #.......##.#
#...#@#####.#####...†.
##########.##Fl.....#
#.##.#
#.............[..####
#.##.#
#.#####.#######..###
#.##.# #.# #.#
#..#.######.##÷# #.# #.#
#..s#.lo........ #.# #.#
#.##.#.####.#..#
####[#####.## #.##.#.#
#.#..# ............#
#.#....# #.o...


You could see a wyvern, a bullfrog and a scorpion.

Vanquished Creatures
  Pikel (D:4)
  A hornet (D:7)
  Prince Ribbit (D:5)
  A shadow (D:7)
  A yak (D:4)
  Menkaure (D:5)
  A black bear (D:5)
  2 sky beasts (D:7)
  4 ogres
  3 scorpions
  A gnoll sergeant (D:7)
  A bullfrog (D:4)
  A necrophage (D:6)
  5 howler monkeys
  A vampire bat (D:3)
  A crimson imp (D:3)
  4 hounds
  A jelly (D:7)
  4 orc priests
  Jessica (D:3)
  6 orc wizards
  6 iguanas
  4 adders
  5 gnolls (D:7)
  A shadow imp (D:6)
  A white imp (D:7)
  A worm (D:2)
  3 fire bats (D:3)
  9 orcs
  2 spectral bats (D:3)
  3 bat skeletons (D:3)
  A bat zombie (D:3)
  11 endoplasms
  3 giant cockroaches
  9 goblins
  12 hobgoblins
  10 jackals
  4 quokkas
  5 ball pythons
  16 bats
  A bat simulacrum (D:3)
  5 frilled lizards
  A goblin skeleton (D:3)
  4 hobgoblin zombies (D:3)
  8 kobolds
  A kobold skeleton (D:3)
  3 kobold zombies (D:3)
  An orc zombie (D:3)
  3 rats
175 creatures vanquished.

Notes
Turn   | Place    | Note
-------+----------+-------------------------------------------
     0 | D:5      | drugrobin the Demigod Delver began the quest for the Orb.
     0 | D:5      | Reached XP level 1. HP: 18/18 MP: 3/3
    22 | D:3      | Reached skill level 2 in Unarmed Combat
   117 | D:3      | Noticed Jessica
   321 | D:1      | Reached XP level 2. HP: 20/25 MP: 4/4
   482 | D:1      | Reached skill level 3 in Unarmed Combat
  1011 | D:2      | Reached XP level 3. HP: 30/30 MP: 5/5
  1535 | D:2      | Reached skill level 4 in Unarmed Combat
  1864 | D:3      | Reached XP level 4. HP: 37/37 MP: 6/6
  2019 | D:3      | Reached XP level 5. HP: 44/45 MP: 7/7
  2114 | D:3      | Reached skill level 5 in Unarmed Combat
  2344 | D:3      | Killed Jessica
  2601 | D:4      | Noticed Pikel
  2667 | D:4      | Killed Pikel
  2668 | D:4      | Reached skill level 6 in Unarmed Combat
  2668 | D:4      | Reached XP level 6. HP: 11/53 MP: 8/8
  2668 | D:4      | Reached XP level 7. HP: 12/60 MP: 9/9
  2902 | D:4      | Learned a level 1 spell: Shock
  2945 | D:4      | Reached skill level 7 in Unarmed Combat
  3587 | D:4      | Reached skill level 1 in Spellcasting
  3712 | D:5      | Noticed Menkaure
  3801 | D:5      | Noticed Prince Ribbit
  4067 | D:5      | Noticed a yak
  4067 | D:5      | Noticed a yak
  4067 | D:5      | Noticed a yak
  4067 | D:5      | Noticed a yak
  4067 | D:5      | Noticed a yak
  4177 | D:5      | Reached skill level 8 in Unarmed Combat
  4177 | D:5      | Reached XP level 8. HP: 67/67 MP: 14/14
  4272 | D:5      | Found a staircase to the Ecumenical Temple.
  4294 | D:5      | Killed Menkaure
  4587 | D:4      | Reached skill level 9 in Unarmed Combat
  5156 | D:5      | Killed Prince Ribbit
  5609 | D:6      | Reached XP level 9. HP: 73/73 MP: 18/18
  5625 | D:6      | Identified the +1 dagger of the Heavens {heavy, rN+ Will++
                  | MP+9}
  6173 | D:7      | Reached skill level 10 in Unarmed Combat
  6208 | D:7      | Identified the +10 mace of Bloody Death {elec, MP+9 Dex+3}
  6752 | D:7      | Mangled by a wyvern

Illustrated notes

Levels and vault maps discovered:
D:1:      lightli_arrival_boilingwater, layout_basic,
          hellmonk_ecumenical_altar_arch_garden
D:2:      minmay_spotlight, layout_basic
D:3:      layout_basic, nicolae_tso_besieged_by_evil, goddamned_bats,
          uniq_jessica
D:4:      wad_crossroads, layout_basic, grunt_temple_overflow_open, uniq_pikel
D:5:      layout_gridville, minmay_temple_entry_junction,
          minmay_misc_feat_tower, kennysheep_generic_room_14, uniq_menkaure,
          uniq_prince_ribbit1
D:6:      layout_basic, nicolae_fountain_basement
D:7:      minmay_clustersquares, layout_loops_ring

Skill      XL: |  1  2  3  4  5  6  7  8  9 |
---------------+----------------------------+-----
Unarmed Combat | 2 3 4 6 8 9 10 | 10.8
Fighting       | 3 4 |  4.9
Spellcasting   | 1 3 4 |  4.9
Dodging        | |  1.7
Stealth        | |  4.5

Action                   |  1- 3 |  4- 6 |  7- 9 || total
-------------------------+-------+-------+-------++-------
Melee: Unarmed           |   206 |   104 |   168 ||   478
       Dagger            |    26 |     9 |    61 ||    96
       Punch             |       |     4 |     5 ||     9
       Mace              |       |       |     5 ||     5
 Fire: Triple crossbow   |       |     8 |    35 ||    43
Throw: Javelin           |     1 |       |     3 ||     4
       Boomerang         |       |     3 |    18 ||    21
 Cast: Shock             |       |       |     1 ||     1
  Use: Potion            |       |     1 |       ||     1
 Stab: Sleeping          |     1 |       |     7 ||     8
       Distracted        |       |       |     1 ||     1
Armor: Leather armour    |    26 |       |    27 ||    53
       Chain mail        |    59 |    94 |     6 ||   159
       Robe              |       |       |    22 ||    22
Dodge: Dodged            |    97 |    63 |   113 ||   273
Block: Buckler           |    30 |     6 |    39 ||    75
       Other             |       |    43 |    10 ||    53

Table legend: (Time is in decaauts)
 A = Elapsed time spent in this place.
 B = Non-inter-level travel time spent in this place.
 C = Inter-level travel time spent in this place.
 D = Time resting spent in this place.
 E = Time spent auto-exploring this place.
 F = Levels seen in this place.
 G = Mean time per level.
                   A        B        C        D        E       F      G
               +--------+--------+--------+--------+--------+-----+--------+
         Total |   6816 |   6449 |    367 |    548 |   3722 |   7 |  973.7 |
       Dungeon |   6816 |   6449 |    367 |    548 |   3722 |   7 |  973.7 |
               +--------+--------+--------+--------+--------+-----+--------+

Top non-repeatable levels by time:
     D:4: 1365 daAuts
     D:5: 1331 daAuts
     D:3: 925 daAuts
     D:6: 896 daAuts
     D:2: 796 daAuts
     D:1: 775 daAuts
     D:7: 725 daAuts
